 Dungeon Crawl Stone Soup version 0.18-a0-1323-g706dcef (webtiles) character file.

104049 M4edhros the Peltast (level 16, -10/89 HPs)
             Began as an Octopode Artificer on Feb 15, 2016.
             Was a High Priest of Fedhas.
             Killed from afar by a Brimstone Fiend (23 damage)
             ... with a blast of hellfire
             ... summoned by a deep elf demonologist
             ... on level 3 of the Elven Halls.
             The game lasted 01:37:12 (29188 turns).

M4edhros the Peltast (Octopode Artificer)          Turns: 29188, Time: 01:37:14

Health: -10/89     AC:  6    Str: 15    XL:     16   Next: 37%
Magic:  20/27      EV: 15    Int: 17    God:    Fedhas [*****.]
Gold:   70         SH: 26    Dex: 20    Spells: 1 memorised, 27 levels left

rFire  + . .     SeeInvis +     N - +5 greatsling (freeze)
rCold  + . .     Gourm    +     d - +6 large shield of Ignorance {rN+ AC+2 EV+2 Int-6 *Curse} (curse)
rNeg   + . .     Faith    .     (helmet restricted)
rPois  +         Spirit   .     S - amulet of the gourmand
rElec  .         Dismiss  .     w - ring of protection from magic
rCorr  .         Reflect  .     y - +3 ring of dexterity
SustAt .         Harm     .     A - ring of poison resistance
MR     ++...                    q - ring "Bopumair" {Str+4 Int+3 SInv Stlth+}
Stlth  ++++++++..               F - ring of protection from fire
                                s - +3 ring of protection
                                Z - +2 ring of evasion
                                z - +4 ring of dexterity

@: very slightly contaminated, very resistant to hostile enchantments,
extraordinarily stealthy
A: almost no armour, amphibious, 8 rings, constrict 8, fangs 2, camouflage 1,
blurry vision 2, cold resistance 1, regeneration 1, gelatinous body 1
a: Evolution, Sunlight, Growth, Reproduction, Rain, Renounce Religion


You were on level 3 of the Elven Halls.
You worshipped Fedhas.
Fedhas was extremely pleased with you.
You were hungry.

You visited 5 branches of the dungeon, and saw 28 of its levels.
You also visited: Labyrinth and Ice Cave.

You collected 2191 gold pieces.
You spent 2121 gold pieces at shops.

Inventory:

Hand Weapons
 N - a +5 greatsling of freezing (weapon)
Missiles
 c - 120 sling bullets
 n - 194 stones (quivered)
Armour
 d - the cursed +6 large shield of Ignorance (worn) {rN+ AC+2 EV+2 Int-6 *Curse}
   (You bought it in a shop on level 1 of the Elven Halls)

   It affects your AC (+2).
   It affects your evasion (+2).
   It affects your intelligence (-6).
   It protects you from negative energy.
   It may re-curse itself when equipped.
   It has a curse placed upon it.
 J - a +3 shield
Rods
 a - a +7 rod of ignition (8/13)
   (You took it off a minotaur in a labyrinth)
 Q - a +7 lightning rod (11/17)
   (You acquired it on level 10 of the Dungeon)
Jewellery
 q - the ring "Bopumair" (on tentacle) {Str+4 Int+3 SInv Stlth+}
   (You found it on level 8 of the Lair of Beasts)

   [ring of intelligence]

   It affects your strength (+4).
   It affects your intelligence (+3).
   It lets you see invisible.
   It makes you more stealthy.
 s - a +3 ring of protection (on tentacle)
 w - a ring of protection from magic (left tentacle)
 y - a +3 ring of dexterity (right tentacle)
 z - a +4 ring of dexterity (on tentacle)
 A - a ring of poison resistance (on tentacle)
 F - a ring of protection from fire (on tentacle)
 K - an uncursed ring of resist corrosion
 O - an uncursed ring of stealth
 S - an amulet of the gourmand (around mantle)
 Z - a +2 ring of evasion (on tentacle)
Wands
 k - a wand of iceblast (8/15)
 m - a wand of acid (5/15)
 v - a wand of iceblast (10/15)
 C - a wand of hasting (2/9)
 I - a wand of paralysis (8/24)
 L - a wand of lightning (3/15)
 R - a wand of iceblast (9/15)
 U - a wand of enslavement (11/24)
 V - a wand of acid (10/15)
 Y - a wand of iceblast (2/15)
Scrolls
 e - a scroll of magic mapping
 i - 3 scrolls of fog
 j - 3 scrolls of fear
 o - a scroll of blinking
 x - 2 scrolls of identify
 B - 3 scrolls of remove curse
 P - 7 scrolls of teleportation
Potions
 b - a potion of lignification
 l - 2 potions of magic
 p - a potion of invisibility
 t - 4 potions of ambrosia
 u - a potion of resistance
 D - a potion of haste {unknown}
 E - 5 potions of agility
 M - 6 potions of might
 T - a potion of flight
Miscellaneous
 G - a box of beasts {used: 1}
 W - a sack of spiders {used: 1}
Comestibles
 f - 7 bread rations
 g - 2 beef jerkies
 h - 15 fruits
 r - a slice of pizza


   Skills:
 - Level 1.0 Fighting
   Level 1.0 Short Blades
 - Level 12.7 Slings
 - Level 2.0 Dodging
 - Level 12.0 Stealth
 + Level 15.7 Shields
 - Level 7.6 Spellcasting
 - Level 9.1 Invocations
 - Level 15.4 Evocations


You had 27 spell levels left.
You knew the following spells:

 Your Spells              Type           Power        Failure   Level  Hunger
a - Mephitic Cloud        Conj/Pois/Air  #.......     95%         3    #......


Dungeon Overview and Level Annotations

Branches:
Dungeon (14/15)            Temple (1/1) D:5            Lair (8/8) D:11
  Swamp (0/4) Lair:6       Spider (0/4) Lair:4        Slime (0/6) Lair:6
    Orc (2/2) D:11            Elf (3/3) Orc:2        Vaults (0/5) D:13

Altars:
Cheibriados
Dithmenos
Fedhas
Gozag
Kikubaaqudgha
Makhleb
Nemelex Xobeh
Okawaru
Pakellas
Qazlal
Ru
Trog
Xom
The Shining One
Jiyva

Shops:
D:8 [   D:9 [   D:10 ?   D:13 *   Orc:1 }   Orc:2 %[*(=   Elf:1 [   Elf:3 =

Annotations:
Elf:2 3 runed doors


Innate Abilities, Weirdness & Mutations

You cannot wear most types of armour.
You are amphibious.
You can wear up to eight rings at the same time.
You can use your tentacles to constrict eight enemies at once.
Your skin changes colour to match your surroundings (Stealth).
Your rubbery body absorbs attacks (AC +1).
You have extremely sharp teeth.
Scrolls take you longer to read.
Your flesh is cold resistant.
Your natural rate of healing is unusually fast.


Message History

The blast of hellfire engulfs your wandering mushroom.
The blast of hellfire engulfs you!
* * * LOW HITPOINT WARNING * * *
You hear a shout!
Evoke which item? (* to show all) (? for menu, Esc to quit)
Zapping:
m - a wand of acid (5/15)
Press: ? - help, Shift-Dir - straight line, f/p - deep elf demonologist
Aim: a deep elf demonologist, wielding a rapier of speed and wearing a bound tin ring (heavily wounded, constricted by your elder batweird beast)
Okay, then.
Your elder batweird beast barely misses the Brimstone Fiend.
Your elder batweird beast constricts something!!
Your elder batweird beast loses its grip on the deep elf demonologist.
Your elder batweird beast disappears in a puff of smoke!
The Brimstone Fiend gestures at you.
The hellfire explodes!
The blast of hellfire engulfs your wandering mushroom.
Your wandering mushroom is destroyed!
You feel a little guilty. The blast of hellfire engulfs you!
You die...
Fedhas appreciates your contribution to the ecosystem.

###.....#'##
#.........#
#.........#
#.........#
#.........#
#......./.#
###.....###
###..P#
#@..# #((.#
#)(.# ##((.#
#≈≈(1#
#(≈((#
#≈≈)§#
#≈((e#
#≈e§)#


You could see a Brimstone Fiend and a deep elf demonologist.

Vanquished Creatures
  2 deep elf blademasters (Elf:3)
  Frances (Elf:1)
  An orc warlord (Orc:2)
  A deep elf sorcerer (Elf:1)
  2 deep elf elementalists (Elf:3)
  3 deep elf demonologists (Elf:3)
  A deep elf annihilator (Elf:3)
  5 deep elf death magi (Elf:3)
  2 minotaurs
  A deep elf high priest (Elf:3)
  4 hydras
  A centaur warrior (D:12)
  2 catoblepae
  An ogre mage (Orc:2)
  A tengu warrior (D:13)
  11 death yaks
  4 orc high priests (Orc:2)
  A dancing weapon (Elf:3)
  4 wandering mushrooms
  A deep elf knight (Elf:1)
  A deep elf archer (Elf:3)
  An unseen horror (D:12)
  A lindwurm (Lair:7)
  A wizard (D:12)
  A necromancer (IceCv)
  A phantasmal warrior (D:12)
  4 orc knights
  5 hill giants
  4 orc sorcerers
  A cyclops (D:11)
  A wolf spider (Lair:4)
  10 deep elf magi
  5 ugly things
  A griffon (Lair:6)
  A manticore (D:13)
  3 black mambas
  5 elephants (Lair:7)
  3 ice statues (IceCv)
  A guardian serpent (D:14)
  20 spiny frogs
  2 torpor snails
  10 komodo dragons
  5 fire drakes
  A tengu conjurer (D:13)
  7 ice devils (IceCv)
  4 trolls
  A jumping spider (Lair:4)
  2 queen bees (shapeshifter)
  5 giant leeches (Lair:8)
  Grinder (D:5)
  2 two-headed ogres
  14 blink frogs
  2 basilisks
  A spriggan (D:7)
  A water elemental (Elf:2)
  21 yaks
  2 redbacks
  A wyvern (D:12)
  A shadow (D:11)
  A hog (shapeshifter) (D:13)
  A fire elemental (Elf:2)
  A vampire mosquito (Lair:8)
  2 hippogriffs
  10 wolves
  A warg (Orc:2)
  A mottled dragon (D:12)
  8 water moccasins
  10 porcupines
  22 orc warriors
  5 sky beasts
  A phantom (D:9)
  A wasp (D:14)
  3 ice beasts
  6 ogres
  A black bear (D:10)
  5 centaurs
  A big kobold (shapeshifter) (D:13)
  13 crocodiles
  A big kobold (D:9)
  24 giant frogs
  A gnoll sergeant (D:5)
  2 scorpions
  A water moccasin skeleton (D:9)
  8 killer bees
  4 wights
  3 electric eels
  2 crimson imps
  A jelly (D:11)
  A giant frog zombie (D:5)
  A quasit (D:11)
  3 draconian simulacra (IceCv)
  A giant frog skeleton (D:12)
  12 hounds
  17 orc priests
  18 orc wizards
  Crazy Yiuf (D:7)
  3 centaur skeletons
  6 iguanas
  An iron imp (D:7)
  Ijyb (D:3)
  9 worker ants
  2 troll simulacra (IceCv)
  5 sheep (Lair:8)
  3 centaur simulacra (IceCv)
  An ogre skeleton (Lab)
  A hound skeleton (D:4)
  6 gnolls
  8 adders
  A naga simulacrum (IceCv)
  An ogre simulacrum (IceCv)
  50 river rats
  4 shadow imps
  9 white imps (Lair:5)
  A giant eyeball (D:4)
  3 oozes
  An adder skeleton (D:5)
  2 giant geckos (D:5)
  69 orcs
  8 bats
  7 giant cockroaches
  7 goblins
  9 hobgoblins
  27 jackals
  17 kobolds
  3 quokkas
  A ball python (D:3)
  2 giant gecko skeletons
  4 giant newts
  3 quokka skeletons
  10 rats
  5 ballistomycetes
  A butterfly (Lair:8)
  9 giant spores
696 creatures vanquished.

Vanquished Creatures (collateral kills)
  2 deep elf master archers (Elf:3)
  A deep elf elementalist (Elf:3)
  A deep elf demonologist (Elf:3)
  4 deep elf annihilators (Elf:3)
  A deep elf death mage (Elf:3)
  A hydra (Lair:8)
  An alligator (shapeshifter) (D:13)
  3 dancing weapons
  3 death yaks
  A deep elf knight (Elf:3)
  2 unseen horrors
  2 hill giants (D:10)
  A deep elf mage (Elf:1)
  2 black mambas (Lair:8)
  A centaur skeleton (D:11)
  A gargoyle (D:10)
  A kobold demonologist (D:12)
  5 spiny frogs (Lair:8)
  2 komodo dragons
  A troll (D:9)
  A two-headed ogre (D:12)
  A polar bear (Lair:3)
  2 blink frogs
  A wraith (D:11)
  2 shadows (D:11)
  3 yaks (Lair:4)
  A hippogriff (Lair:3)
  A hungry ghost (D:8)
  5 vampire mosquitoes (Lair:8)
  A soldier ant (D:12)
  A porcupine (Lair:1)
  3 orc warriors
  3 ice beasts
  5 phantoms
  An ogre (D:9)
  3 centaurs
  2 crocodiles
  The ghost of Pikaro the Ducker, an amateur DEWn (D:5)
  2 big kobolds (D:10)
  A gnoll sergeant (D:8)
  3 giant frogs
  2 earth elementals
  A scorpion (Lair:3)
  6 killer bees
  8 wights
  2 hounds
  A jelly (D:6)
  3 orc wizards
  2 iguanas
  4 orc priests
  A worker ant (D:11)
  5 gnolls
  An adder (D:8)
  19 river rats
  3 white imps (Lair:5)
  An adder skeleton (D:8)
  A giant gecko (D:6)
  15 orcs
  2 giant cockroaches
  A jackal (D:6)
  2 quokkas
  3 ball pythons (D:4)
  A rat (D:3)
  9 giant spores
172 creatures vanquished.

Vanquished Creatures (others)
  A deep elf demonologist (Elf:3)
  2 oklob plants
  21 wandering mushrooms
  A necrophage (D:9)
  A wight (D:5)
  A hound (D:4)
  A worker ant zombie (D:6)
  A gnoll (D:2)
  3 orcs
  A giant gecko skeleton (D:8)
  5 ballistomycetes
  39 fungi
  8 giant spores
  A hyperactive ballistomycete (Orc:2)
  27 plants
  696 toadstools
809 creatures vanquished.

Grand Total: 1677 creatures vanquished

Notes
Turn   | Place    | Note
--------------------------------------------------------------
     0 | D:1      | M4edhros the Octopode Artificer began the quest for the Orb.
     0 | D:1      | Reached XP level 1. HP: 13/13 MP: 3/3
    82 | D:1      | Reached XP level 2. HP: 13/18 MP: 4/4
   356 | D:1      | Reached skill level 4 in Stealth
   387 | D:2      | Reached XP level 3. HP: 20/23 MP: 5/5
   743 | D:2      | Reached skill level 5 in Stealth
   842 | D:3      | Reached XP level 4. HP: 25/28 MP: 6/6
  1059 | D:3      | Noticed Ijyb
  1067 | D:3      | Killed Ijyb
  1067 | D:3      | Reached skill level 6 in Stealth
  1200 | D:3      | Reached XP level 5. HP: 16/33 MP: 7/7
  1248 | D:3      | Reached skill level 7 in Stealth
  1685 | D:4      | Found a glowing golden altar of the Shining One.
  1842 | D:4      | Noticed Edmund
  1935 | D:4      | Found a burning altar of Makhleb.
  1947 | D:4      | Found an opulent altar of Gozag.
  1971 | D:4      | Noticed Edmund
  1971 | D:4      | Edmund changed into Edmund the giant eyeball
  1978 | D:4      | Killed Edmund the giant eyeball
  1978 | D:4      | Reached skill level 8 in Stealth
  1986 | D:4      | Reached XP level 6. HP: 23/38 MP: 8/8
  2015 | D:5      | Entered Level 5 of the Dungeon
  2104 | D:5      | Noticed Grinder
  2244 | D:5      | Reached skill level 9 in Stealth
  2530 | D:5      | Found an iron altar of Okawaru.
  2563 | D:5      | Noticed a sky beast
  2578 | D:5      | Noticed Pikaro's ghost (amateur DEWn)
  2606 | D:5      | Found a staircase to the Ecumenical Temple.
  2617 | Temple   | Entered the Ecumenical Temple
  2797 | Temple   | Became a worshipper of Fedhas Madash
  2871 | D:5      | Killed a sky beast
  2871 | D:5      | Reached skill level 10 in Stealth
  2871 | D:5      | Reached XP level 7. HP: 23/43 MP: 9/9
  3210 | D:5      | Paralysed by Grinder for 3 turns
  3216 | D:5      | Killed Grinder
  3216 | D:5      | Reached skill level 11 in Stealth
  3219 | D:5      | Gained mutation: Your muscles are strong. (Str +2) [potion of mutation]
  3219 | D:5      | Gained mutation: Your mind is acute. (Int +2) [potion of mutation]
  3219 | D:5      | Gained mutation: You are resistant to hostile enchantments. [potion of mutation]
  3220 | D:5      | Gained mutation: You passively map a small area around you. [potion of mutation]
  3220 | D:5      | Lost mutation: You are resistant to hostile enchantments. [potion of mutation]
  3323 | D:2      | Found an ancient bone altar of Kikubaaqudgha.
  3796 | D:2      | Reached skill level 12 in Stealth
  3938 | D:2      | Reached * piety under Fedhas
  4241 | D:2      | Reached XP level 8. HP: 41/48 MP: 10/10
  4571 | D:4      | Reached skill level 1 in Invocations
  4895 | D:5      | Found an opulent altar of Gozag.
  5101 | D:5      | Killed Pikaro's ghost
  5136 | D:5      | Found a bloodstained altar of Trog.
  5258 | D:5      | Reached skill level 5 in Invocations
  5746 | D:6      | Gained mutation: You tend to lose your temper in combat. [potion of mutation]
  6101 | D:6      | Reached ** piety under Fedhas
  6221 | D:6      | Reached XP level 9. HP: 33/53 MP: 14/14
  6419 | D:7      | Found a snail-covered altar of Cheibriados.
  6645 | D:7      | Reached skill level 1 in Slings
  7071 | D:7      | Noticed Crazy Yiuf
  7082 | D:7      | Killed Crazy Yiuf
  7528 | D:8      | Found Ytuobatho's Armour Shop.
  7539 | D:8      | Found a stormy altar of Qazlal.
  7840 | D:8      | Gained mutation: You are clumsy. (Dex -2) [mutagenic meat]
  7841 | D:8      | Gained mutation: You have very sharp teeth. [mutagenic meat]
  8052 | D:8      | Reached skill level 5 in Slings
  8170 | D:8      | Reached *** piety under Fedhas
  8675 | D:9      | Found Zoxioq's Antique Armour Shoppe.
  8685 | D:9      | Reached XP level 10. HP: 51/58 MP: 16/16
  8695 | D:9      | Bought a shiny shield for 121 gold pieces
  8726 | D:9      | Found a sparkling altar of Nemelex Xobeh.
  8893 | D:9      | Reached skill level 1 in Shields
  9370 | D:9      | Gained mutation: Scrolls take you a little longer to read. [potion of mutation]
  9370 | D:9      | Gained mutation: You are partially covered in slimy green scales (AC +2). [potion of mutation]
  9370 | D:9      | Gained mutation: You evolve. [potion of mutation]
  9843 | D:9      | Gained mutation: Your spells are a little harder to cast, but a little more powerful. [evolution]
 10271 | D:10     | Entered Level 10 of the Dungeon
 10455 | D:10     | Noticed a gargoyle
 10546 | D:10     | Killed a gargoyle
 10607 | D:10     | Identified a scroll of acquirement
 10710 | D:10     | Reached **** piety under Fedhas
 10790 | D:10     | Noticed a hill giant
 10799 | D:10     | Killed a hill giant
 10799 | D:10     | Reached skill level 5 in Evocations
 10886 | D:10     | Noticed a brown ugly thing
 10903 | D:10     | Reached ***** piety under Fedhas
 10917 | D:10     | Noticed a hill giant
 10926 | D:10     | Killed a hill giant
 10934 | D:10     | Killed a brown ugly thing
 10944 | D:10     | Lost mutation: You are clumsy. (Dex -2) [mutagenic meat]
 10945 | D:10     | Gained mutation: Your muscles are very strong. (Str +4) [mutagenic meat]
 11029 | D:10     | Noticed an unseen horror
 11042 | D:10     | Killed an unseen horror
 11249 | D:10     | Reached XP level 11. HP: 63/63 MP: 17/17
 11309 | D:10     | Found Jeschax's Magic Scroll Shop.
 11347 | D:10     | Bought a scroll of brand weapon for 220 gold pieces
 11347 | D:10     | Bought a scroll of enchant weapon for 82 gold pieces
 12332 | D:11     | Noticed a cyan ugly thing
 12351 | D:11     | Killed a cyan ugly thing
 12380 | D:11     | Noticed a hill giant
 12389 | D:11     | Killed a hill giant
 12390 | D:11     | Noticed a hill giant
 12396 | D:11     | Killed a hill giant
 12396 | D:11     | Reached skill level 10 in Evocations
 12600 | D:11     | Gained mutation: Your natural rate of healing is unusually fast. [mutagenic meat]
 12601 | D:11     | Lost mutation: Your muscles are very strong. (Str +4) [mutagenic meat]
 12682 | D:11     | Found a staircase to the Orcish Mines.
 12719 | D:11     | Noticed a hill giant
 12725 | D:11     | Killed a hill giant
 12999 | D:11     | Found a staircase to the Lair.
 13356 | D:12     | Found a labyrinth entrance.
 13386 | Lab      | Entered a labyrinth
 14204 | Lab      | Noticed a minotaur
 14209 | Lab      | Killed a minotaur
 14212 | Lab      | Identified a +4 rod of ignition (10/10) (You took it off a minotaur in a labyrinth)
 14215 | Lab      | Identified the Volume of Spores
 14546 | D:12     | Noticed a phantasmal warrior
 14550 | D:12     | Noticed a wizard
 14555 | D:12     | Noticed a cyan ugly thing
 14555 | D:12     | Killed a wizard
 14557 | D:12     | Noticed a centaur warrior
 14560 | D:12     | Noticed an unseen horror
 14560 | D:12     | Noticed an unseen horror
 14561 | D:12     | Killed an unseen horror
 14561 | D:12     | Killed an unseen horror
 14561 | D:12     | Reached skill level 13 in Evocations
 14561 | D:12     | Reached XP level 12. HP: 20/68 MP: 21/21
 14758 | D:12     | Gained mutation: Scrolls take you longer to read. [mutagenic meat]
 14759 | D:12     | Lost mutation: Your mind is acute. (Int +2) [mutagenic meat]
 14826 | D:12     | Killed a centaur warrior
 14826 | D:12     | Reached skill level 14 in Evocations
 14834 | D:12     | Got a scorched hand crossbow
 14835 | D:12     | Identified the +6 hand crossbow of Untruth {freeze, rElec rF+ Int+2} (You found it on level 12 of the Dungeon)
 15141 | D:13     | Noticed a tengu warrior
 15149 | D:13     | Killed a tengu warrior
 15241 | D:13     | Noticed a satyr
 15243 | D:13     | a satyr changed into a wolf spider
 15255 | D:13     | Noticed an entropy weaver
 15255 | D:13     | a torpor snail changed into an entropy weaver
 15256 | D:13     | Noticed a storm dragon
 15256 | D:13     | an entropy weaver changed into a storm dragon
 15260 | D:13     | Noticed an entropy weaver
 15260 | D:13     | a storm dragon changed into an entropy weaver
 15262 | D:13     | Noticed an alligator
 15262 | D:13     | an entropy weaver changed into an alligator
 15264 | D:13     | Killed an alligator
 15264 | D:13     | Reached skill level 15 in Evocations
 15289 | D:13     | Lost mutation: You passively map a small area around you. [mutagenic meat]
 15319 | D:13     | Found Forchol's General Store.
 15336 | D:13     | Found a gate to the Vaults.
 15674 | D:14     | Noticed a death knight
 15693 | D:14     | Noticed a death knight
 15701 | D:14     | Noticed a centaur warrior
 15701 | D:14     | HP: 3/68 [centaur warrior/arrow (13)]
 15778 | Lair:1   | Entered Level 1 of the Lair of Beasts
 15917 | Lair:1   | Noticed a seven-headed hydra
 15933 | Lair:1   | Killed a seven-headed hydra
 16048 | Lair:1   | Gained mutation: Your flesh is cold resistant. [evolution]
 16851 | Lair:1   | Found a snail-covered altar of Cheibriados.
 17196 | Lair:2   | Reached XP level 13. HP: 72/72 MP: 24/24
 17707 | Lair:2   | Got a steaming quarterstaff
 17844 | Lair:2   | Reached skill level 10 in Slings
 18791 | Lair:3   | Reached ****** piety under Fedhas
 19931 | Lair:4   | Found a hole to the Spider Nest.
 20136 | Lair:4   | Reached skill level 1 in Spellcasting
 20521 | Orc:1    | Entered Level 1 of the Orcish Mines
 20635 | Orc:2    | Entered Level 2 of the Orcish Mines
 20660 | Orc:1    | Gained mutation: Your muscles are very strong. (Str +4) [evolution]
 20660 | Orc:1    | Lost mutation: You evolve. [end of evolution]
 20818 | Orc:2    | Reached XP level 14. HP: 58/79 MP: 7/25
 20818 | Orc:2    | Reached skill level 5 in Spellcasting
 20859 | Orc:2    | Noticed an orc warlord
 20859 | Orc:2    | Killed an orc warlord
 20987 | Orc:2    | Found a shimmering altar of Xom.
 20994 | Orc:2    | Found a staircase to the Elven Halls.
 21031 | Orc:2    | Found Vuoczing's Food Shoppe.
 21273 | Orc:2    | Found Kekula's General Store.
 21274 | Orc:2    | Found Imuozel's Jewellery Shop.
 21275 | Orc:2    | Found Xied's Antique Armour Boutique.
 21275 | Orc:2    | Found Qirivvic's Antique Weapon Boutique.
 21291 | Orc:2    | Bought a legendary deck of changes for 338 gold pieces
 21292 | Orc:2    | Gained mutation: You have extremely sharp teeth. [helix card]
 21297 | Orc:2    | Lost mutation: You tend to lose your temper in combat. [helix card]
 21297 | Orc:2    | Lost mutation: Your spells are a little harder to cast, but a little more powerful. [helix card]
 21568 | Orc:1    | Found Nenky's Quality Used Wands.
 22214 | Lair:5   | Found a frozen archway.
 22238 | IceCv    | Entered an ice cave
 22309 | IceCv    | Reached skill level 5 in Shields
 24053 | Lair:6   | Found a staircase to the Swamp.
 24479 | Lair:6   | Found a viscous altar of Jiyva.
 24479 | Lair:6   | Found a staircase to the Slime Pits.
 25351 | Lair:7   | Lost mutation: Your muscles are very strong. (Str +4) [potion of cure mutation]
 25351 | Lair:7   | Lost mutation: You are partially covered in slimy green scales (AC +2). [potion of cure mutation]
 25351 | Lair:7   | Lost mutation: Your muscles are strong. (Str +2) [potion of cure mutation]
 25700 | Lair:7   | Reached skill level 10 in Shields
 25855 | Lair:7   | Reached XP level 15. HP: 54/83 MP: 24/26
 25937 | Lair:8   | Entered Level 8 of the Lair of Beasts
 27339 | Lair:8   | Got a sparkling tin ring
 27342 | Lair:8   | Identified the ring "Bopumair" {Str+4 Int+3 SInv Stlth+} (You found it on level 8 of the Lair of Beasts)
 27741 | Elf:1    | Entered Level 1 of the Elven Halls
 27822 | Elf:1    | Noticed Frances
 27837 | Elf:1    | Killed Frances
 27855 | Elf:1    | Learned a level 3 spell: Mephitic Cloud
 27976 | Elf:1    | Noticed a deep elf sorcerer
 27984 | Elf:1    | Killed a deep elf sorcerer
 28294 | Elf:1    | Found Ibigruni's Antique Armour Emporium.
 28326 | Elf:1    | Bought the cursed +6 large shield of Ignorance {rN+ AC+2 EV+2 Int-6 *Curse} for 1360 gold pieces
 28609 | Elf:2    | Found a shimmering altar of Xom.
 28642 | Elf:2    | Found a runed gate.
 28642 | Elf:2    | Found a runed gate.
 28642 | Elf:2    | Found a runed gate.
 28708 | Elf:3    | Entered Level 3 of the Elven Halls
 28805 | Elf:3    | Found Utoussuc's Jewellery Shop.
 28913 | Elf:3    | Noticed a deep elf elementalist
 28919 | Elf:3    | Killed a deep elf elementalist
 28921 | Elf:3    | Noticed a deep elf blademaster
 28925 | Elf:3    | Noticed a deep elf blademaster
 28933 | Elf:3    | Killed a deep elf blademaster
 28992 | Elf:3    | Reached XP level 16. HP: 67/89 MP: 6/27
 28998 | Elf:3    | Killed a deep elf blademaster
 29050 | Elf:3    | Reached skill level 15 in Shields
 29136 | Elf:3    | Noticed a deep elf master archer
 29141 | Elf:3    | Noticed a deep elf master archer
 29167 | Elf:3    | Killed a deep elf master archer
 29169 | Elf:3    | Killed a deep elf master archer
 29186 | Elf:3    | Noticed a Brimstone Fiend
 29188 | Elf:3    | Killed from afar by a Brimstone Fiend

Vault maps used:
D:1:      dpeg_chamrin_arrival_tetris
D:2:      nicolae_overflow_hidden_temple
D:3:      first_bread, uniq_iyjb
D:4:      tso_oasis_becter, minitemple, uniq_edmund
D:5:      okawaru_trees_1, lemuel_coloured_pillars_altar,
          minmay_temple_entry_large_hall, basic_altar, st_stairs_12,
          grunt_ministairs_6, corexii_item_surrounded_by_moat,
          item_on_display_a, uniq_grinder
D:7:      slow_altar_1, the_bakery, uniq_crazy_yiuf_cottage
D:8:      serial_shops, nicolae_shop_crystal, nicolae_qazlal_eye_of_the_storm
D:9:      marbit_many_paths, serial_shops, nicolae_shop_stone
D:10:     serial_shops, shop_scrolls, minmay_liquid_box, minmay_statues_item
D:11:     lair_0_dummy, orc_0_dummy
D:12:     lab_entry_generic, minmay_evil_grid
D:13:     david_vaults_2, serial_shops, nicolae_shop_statue_plus
D:14:     kennysheep_big_flooded_room, infiniplex_staircase_zigzag_2,
          nrook_guardian_serpent_ordinary, uniq_maud
Temple:   dpeg_five_rooms_temple_12
Lair:1:   wad_woods_minihive, kennysheep_snail_temple,
          infiniplex_staircase_pool_2
Lair:2:   small_statue_intersection
Lair:3:   lemuel_fruit_tree, grunt_megastairs_1
Lair:4:   beast_lair_carwin_large_4, spider_nest_entry_funnel_web, st_stairs_3
Lair:5:   portal_ice_cave_entry_imps
Lair:6:   swamp_mist_pool, dpeg_slime_entry_enclosed_altar,
          small_statue_intersection
Lair:7:   beast_lair_carwin_10
Lair:8:   minmay_lair_end_frog_pond, lemuel_fruit_fields
Orc:1:    nicolae_for_you_no_charge
Orc:2:    st_orc_congregation, special_room, basic_altar, serial_shops,
          nicolae_shop_statue_plus
Elf:1:    serial_shops, shop_fountains, hangedman_elf_represent, uniq_frances
Elf:2:    basic_altar, evilmike_minifort, uniq_jorgrun, uniq_saint_roka
Elf:3:    elf_hall, serial_shops, shop
Lab:      lab_block, nicolae_lab_plus, nicolae_lab_do_over
IceCv:    ice_cave_tombish

Action                   |  1- 3 |  4- 6 |  7- 9 | 10-12 | 13-15 | 16-18 || total
-------------------------+-------+-------+-------+-------+-------+-------++-------
Melee: Short sword       |    63 |    97 |   181 |     6 |       |       ||   347
       Quarterstaff      |       |       |    11 |       |       |       ||    11
       Rod               |       |       |       |     7 |    24 |       ||    31
       Unarmed           |       |       |       |    22 |     5 |       ||    27
 Fire: Hunting sling     |       |       |   223 |   150 |       |       ||   373
       Greatsling        |       |       |       |   572 |  1253 |    50 ||  1875
Throw: Stone             |       |       |       |       |     1 |       ||     1
Invok: Evolution         |       |       |     5 |    10 |    17 |       ||    32
       Sunlight          |       |       |       |    11 |     4 |       ||    15
       Rain              |       |       |       |       |     8 |     2 ||    10
       Reproduction      |       |       |       |       |    10 |     4 ||    14
       Growth            |       |       |       |       |     1 |       ||     1
Evoke: Wand              |     4 |    19 |    22 |    15 |     9 |     1 ||    70
       Rod               |       |       |       |    72 |   191 |     8 ||   271
       Deck              |       |       |       |       |    13 |       ||    13
       Box of beasts     |       |       |       |       |       |     1 ||     1
       Sack of spiders   |       |       |       |       |       |     1 ||     1
  Use: Scroll            |       |    10 |    13 |    20 |    13 |       ||    56
       Potion            |       |       |     5 |     7 |     6 |     1 ||    19
 Stab: Sleeping          |     4 |     5 |    24 |     2 |     2 |       ||    37
       Distracted        |       |       |     1 |       |       |       ||     1
       Confused          |       |       |     2 |       |       |       ||     2
       Paralysed         |       |       |       |       |     5 |       ||     5
  Eat: Chunk             |       |     3 |     2 |    16 |    10 |       ||    31
       Bread ration      |       |     1 |     2 |     2 |     9 |       ||    14
       Meat ration       |       |       |     2 |     3 |       |       ||     5
       Pizza             |       |       |     1 |     2 |       |     1 ||     4
       Beef jerky        |       |       |       |     1 |     2 |       ||     3
       Royal jelly       |       |       |       |       |     1 |       ||     1
